 Dungeon Crawl Stone Soup version 0.27-a0-1525-g1038ab4fd7 (webtiles) character file.

Game seed: 6690196720802552590

196 senseless the Ruffian (level 5, -5/40 HPs)
             Began as a Demigod Transmuter on July 10, 2021.
             Slain by Sigmund (10 damage)
             ... on level 3 of the Dungeon.
             The game lasted 00:06:14 (2934 turns).

senseless the Ruffian (Demigod Transmuter)          Turns: 2934, Time: 00:06:15

Health: -5/40      AC:  3    Str: 15    XL:     5   Next: 21%
Magic:  11/11      EV: 12    Int: 15    God:
Gold:   122        SH:  0    Dex: 14    Spells: 8/9 levels left

rFire    . . .     SeeInvis .     - Unarmed
rCold    . . .     Faith    .   (no shield)
rNeg     . . .     Spirit   .   a - +1 robe
rPois    .         Reflect  .   (no helmet)
rElec    .         Harm     .   (no cloak)
rCorr    .         Rampage  .   (no gloves)
Will     .....                  (no boots)
Stlth    +.........             (no amulet)
HPRegen  0.13/turn              (no ring)
MPRegen  0.12/turn              (no ring)

@: confused
A: high mp 1, forlorn
a: no special abilities


You were on level 3 of the Dungeon.
You visited 1 branch of the dungeon, and saw 3 of its levels.

You collected 122 gold pieces.

Inventory:

Hand Weapons
 d - a +2 dagger of electrocution
Armour
 a - a +1 robe (worn)
Wands
 b - a wand of charming (11)
Potions
 c - a potion of haste {unknown}
 f - 2 potions of curing


   Skills:
 + Level 1.3 Fighting
 + Level 2.5 Dodging
 + Level 1.4 Stealth
 + Level 3.8 Unarmed Combat
 + Level 2.6 Spellcasting
 + Level 2.6 Transmutations


You had 8 spell levels left.
You knew the following spells:

 Your Spells              Type           Power      Damage    Failure   Level
a - Beastly Appendage     Tmut           18%        N/A       7%          1

Your spell library contained the following spells:

 Spells                   Type           Power      Damage    Failure   Level
 Wereblood                Tmut           9%         N/A       11%         2
 Spider Form              Tmut/Pois      2%         N/A       36%         3
 Ice Form                 Ice/Tmut       5%         N/A       77%         4


Dungeon Overview and Level Annotations

Branches:
Dungeon (3/15)

Annotations:
D:3 Sigmund


Innate Abilities, Weirdness & Mutations

Your attributes grow dramatically as you level up.
You have an increased reservoir of magic. (+10% MP)
You shall have no god before yourself.


Message History

You hit Sigmund but do no damage. Your kick misses Sigmund.
You headbutt Sigmund!
Sigmund is moderately wounded.
Sigmund points at you and mumbles some strange words.
You are confused.
You are too confused!
You bump into the rock wall.
Sigmund gestures at you while chanting.
You are more confused.
You bump into the rock wall.
Sigmund hits you with a +0 scythe.
You hit Sigmund but do no damage.
Sigmund is moderately wounded.
Sigmund closely misses you.
You closely miss Sigmund. Your kick misses Sigmund. You headbutt Sigmund.
Sigmund is heavily wounded.
Sigmund hits you with a +0 scythe!
You completely miss Sigmund. Your headbutt misses Sigmund.
Sigmund is heavily wounded.
Your horns disappear.
Your talons disappear.
Sigmund closely misses you.
You're too confused to move!
Sigmund hits you with a +0 scythe.
You are too injured to fight recklessly!
You're too confused to cast spells.
Sorry, you're not good enough to have a special ability.
You're too confused to cast spells.
You bump into the rock wall.
Sigmund hits you with a +0 scythe!
* * * LOW HITPOINT WARNING * * *
You bump into the rock wall.
Sigmund closely misses you.
You're too confused to aim your attacks!
You are too confused!
Sigmund hits you from afar with a +0 scythe.
* * * LOW HITPOINT WARNING * * *
Sigmund casts a spell at you.
You are more confused.
You bump into the rock wall.
Sigmund completely misses you.
You barely miss Sigmund.
Sigmund is heavily wounded.
Sigmund misses you.
Sigmund hits you from afar with a +0 scythe!
You die...

#.## #..#.. #.#
#..#.. #.# ###..#..
#.# #....#.# #.#
#.#..#.# #.#
##'##.#.# #.#
#⌠.⌠##..#
#.#######.###...##...
#..)@.@.<.##._._.#...
##############8###...
####.... #.... #####


You could see Sigmund.

Vanquished Creatures
  A water moccasin zombie (D:3)
  An orc priest (D:3)
  Terence (D:2)
  2 adders
  2 worms (D:2)
  A dart slug (D:1)
  5 orcs (D:3)
  3 ball pythons
  2 endoplasms (D:3)
  5 giant cockroaches
  6 goblins
  3 hobgoblins
  7 jackals
  4 quokkas
  4 bats
  4 frilled lizards
  A kobold (D:3)
  2 rats
54 creatures vanquished.

Notes
Turn   | Place    | Note
-------+----------+-------------------------------------------
     0 | D:1      | senseless the Demigod Transmuter began the quest for the
                  | Orb.
     0 | D:1      | Reached XP level 1. HP: 15/15 MP: 5/5
   397 | D:1      | Reached skill level 3 in Unarmed Combat
   397 | D:1      | Reached XP level 2. HP: 20/22 MP: 5/7
  1098 | D:2      | Reached XP level 3. HP: 25/27 MP: 8/8
  1133 | D:2      | Noticed Terence
  1488 | D:2      | Killed Terence
  1489 | D:2      | Reached skill level 1 in Fighting
  1491 | D:2      | Reached skill level 1 in Stealth
  1932 | D:3      | Reached XP level 4. HP: 30/35 MP: 8/10
  2595 | D:3      | Reached XP level 5. HP: 25/40 MP: 9/11
  2910 | D:3      | Noticed Sigmund
  2934 | D:3      | Slain by Sigmund

Illustrated notes

Levels and vault maps discovered:
D:1:      nzn_arrival_settlement, layout_loops_ring
D:2:      layout_loops_ring, ebering_ecumenical_altar_mist, uniq_terence
D:3:      layout_loops_ring, gammafunk_temple_overflow_statue,
          mainiacjoe_overflow_brackets, elyvilon_altar_5,
          chequers_decorated_corner, uniq_sigmund

Skill      XL: |  1  2  3 |
---------------+----------+-----
Transmutations | 2 |  2.6
Unarmed Combat | 3 |  3.8
Spellcasting   | 2 |  2.6
Dodging        | 2 |  2.5
Fighting       | 1 |  1.3
Stealth        | 1 |  1.4

Action                   |  1- 3 |  4- 6 || total
-------------------------+-------+-------++-------
Melee: Unarmed           |    95 |    66 ||   161
       Kick              |    19 |    21 ||    40
       Headbutt          |    13 |    12 ||    25
       Punch             |       |     1 ||     1
 Cast: Beastly Appendage |    22 |    11 ||    33
  Use: Scroll            |     4 |       ||     4
       Potion            |     3 |       ||     3
 Stab: Sleeping          |     3 |       ||     3
Armor: Robe              |     8 |    12 ||    20
Dodge: Dodged            |    57 |    41 ||    98

Table legend: (Time is in decaauts)
 A = Elapsed time spent in this place.
 B = Non-inter-level travel time spent in this place.
 C = Inter-level travel time spent in this place.
 D = Time resting spent in this place.
 E = Time spent auto-exploring this place.
 F = Levels seen in this place.
 G = Mean time per level.
                   A        B        C        D        E       F      G
               +--------+--------+--------+--------+--------+-----+--------+
         Total |   2924 |   2844 |     80 |    499 |   1972 |   3 |  974.7 |
       Dungeon |   2924 |   2844 |     80 |    499 |   1972 |   3 |  974.7 |
               +--------+--------+--------+--------+--------+-----+--------+

Top non-repeatable levels by time:
     D:2: 1109 daAuts
     D:1: 1076 daAuts
     D:3: 737 daAuts
